 Dungeon Crawl Stone Soup version 0.26.0-7-g794d0892b4 (webtiles) character file.

Game seed: 12425413971816436702

3214 jackrogers the Cleaver (level 9, -5/51 HPs)
             Began as a Tengu Berserker on Jan 12, 2021.
             Was an Elder of Trog.
             Killed by divine providence
             ... invoked by an orc priest
              (14 damage)
             ... on level 9 of the Dungeon.
             The game lasted 00:08:23 (8771 turns).

jackrogers the Cleaver (Tengu Berserker)            Turns: 8771, Time: 00:08:23

Health: -5/51      AC: 10    Str: 20    XL:     9   Next: 97%
Magic:  10/10      EV: 11    Int:  8    God:    Trog [****..]
Gold:   656        SH:  0    Dex: 14    Spells: 8/8 levels left

rFire    + + .     SeeInvis .   x - +0 war axe
rCold    x . .     Faith    .   (no shield)
rNeg     . . .     Spirit   .   j - +1 fire dragon scales
rPois    .         Reflect  .   (helmet restricted)
rElec    .         Harm     .   (no cloak)
rCorr    .         Rampage  .   (no gloves)
Will     +....                  (boots unavailable)
Stlth    ..........             (no amulet)
HPRegen  0.17/turn              n - ring of willpower
MPRegen  0.12/turn              p - ring of flight {+Fly, !d}

@: no status effects
A: beak, talons 3, able to fly
a: Fly, Renounce Religion, Berserk, Trog's Hand, Brothers in Arms


You were on level 9 of the Dungeon.
You worshipped Trog.
Trog was greatly pleased with you.
You visited 3 branches of the dungeon, and saw 10 of its levels.
You also visited: Ossuary.

You collected 656 gold pieces.

Inventory:

Hand Weapons
 a - a +1 hand axe
 v - a +0 trident
   (You found it on level 7 of the Dungeon)
 x - a +0 war axe (weapon)
   (You found it on level 4 of the Dungeon)
 y - a +0 trident
   (You took it off Blork the orc on level 4 of the Dungeon)
Missiles
 c - 2 throwing nets {=f, !d}
 e - 6 curare-tipped darts
Armour
 b - a +0 animal skin
 j - +1 fire dragon scales (worn)
   (You found it on level 1 of the Dungeon)
Jewellery
 n - a ring of willpower (left hand)
   (You found it on level 4 of the Dungeon)
 p - a ring of flight (right hand) {+Fly, !d}
   (You found it on level 5 of the Dungeon)
Wands
 o - a wand of disintegration (14)
   (You found it on level 6 of the Dungeon)
 r - a wand of acid (10)
   (You found it on level 6 of the Dungeon)
Scrolls
 d - 5 scrolls of magic mapping {!r}
 l - a scroll of fog
 q - a scroll of fear
 w - 3 scrolls of identify
 z - 2 scrolls of amnesia {unknown}
Potions
 f - 2 potions of curing
 g - a potion of ambrosia {unknown}
 h - a potion of might {unknown}
 i - 2 potions of mutation {!q}
 k - a potion of brilliance {unknown}
 s - a potion of cancellation {unknown}
 t - a potion of flight
 u - a potion of berserk rage {unknown}


   Skills:
 + Level 3.5 Fighting
 * Level 14.1 Axes
 + Level 3.0 Armour
 + Level 3.0 Dodging


You had 8 spell levels left.
You didn't know any spells.
Your spell library was empty.

Dungeon Overview and Level Annotations

Branches:
Dungeon (9/15)             Temple (1/1) D:6            Lair (1/6) D:9
Ossuary (visited)
    Orc: D:9-12

Altars:
Cheibriados
Kikubaaqudgha
Nemelex Xobeh
Qazlal
Xom

Shops:
D:9 [(


Innate Abilities, Weirdness & Mutations

You have a beak for a mouth.
You have claws for feet.
You can fly continuously.


Message History

The yak gores you!
Found a stone staircase leading down.
You closely miss the yak. You slash the yak! You slash the yak!
Your peck misses the yak. You hit the yak. You barely miss the yak.
The yak barely misses you. The yak gores you. The yak gores you!
Danger x4: yak x4!
You hit the yak. You claw the yak. You hit the yak but do no damage.
You hit the yak. The yak gores you! The yak gores you.
You are too injured to fight recklessly!
You are too injured to fight recklessly!
You are too injured to fight recklessly!
Unknown command.
Danger x4: yak x4!
The yak gores you!
* * * LOW HITPOINT WARNING * * *
Okay, then.
You feel much better. The yak gores you but does no damage.
The yak completely misses you.
Okay, then.
Danger x4: yak x4!
You barely miss the yak. Your kick misses the yak.
You peck the yak, but do no damage.
You hit the yak. x2; The yak gores you. x2
You hit the yak. You claw the yak. Your peck misses the yak. You slash the yak!
You barely miss the yak. You hit the yak. The yak gores you!
* * * LOW HITPOINT WARNING * * *
The yak gores you!
* * * LOW HITPOINT WARNING * * *
The yak barely misses you.
Danger x4: yak x4!
Unknown command.
As you read the scroll of fear, it crumbles to dust.
You assume a fearsome visage.
The yak looks frightened! x4
Danger x4: yak (fleeing) x4!
Danger x4: yak (fleeing) x4!
Warning x3: The yak (fleeing) can hit for moderate damage in melee! x3
Spoiler Alert: The yak (fleeing) can hit for moderate damage in melee!
There is a staircase back to the Dungeon here.
You start resting.
A yak is nearby!
Spoiler Alert: The yak can hit for moderate damage in melee!
You climb upwards.
Welcome back to the Dungeon!
There is a staircase to the Lair here.
You start resting.
An orc wizard is nearby!
You start resting.
A centaur is nearby!
Spoiler Alert: The centaur (wandering) is fast and can hit for moderate damage at range!
The orc wizard shouts!
You hear a shout!
The orc wizard hits you but does no damage.
You slash the orc wizard!
You kill the orc wizard!
Trog accepts your kill.
Trog appreciates your killing of a magic user.
Spoiler Alert: The orc priest can smite you!
An orc priest is nearby!
The centaur shouts!
The centaur wields a +0 shortbow.
The centaur shoots an arrow.
The arrow completely misses you.
You see here an arrow.
Warning x2: The centaur is fast and can hit for moderate damage at range!
The orc priest can smite you!
The centaur shoots an arrow.
The arrow barely misses you.
Warning x2: The centaur is fast and can hit for moderate damage at range!
The orc priest can smite you!
The centaur shoots an arrow.
The arrow hits you.
* * * LOW HITPOINT WARNING * * *
You see here an arrow.
The centaur shoots an arrow.
The arrow hits you but does no damage.
You see here an arrow.
The centaur unwields a +0 shortbow.
The centaur hits you.
* * * LOW HITPOINT WARNING * * *
Spoiler Alert: The centaur is fast and can hit for moderate damage at range!
You completely miss the centaur. You claw the centaur.
You peck the centaur, but do no damage. The centaur completely misses you.
You hit the centaur. Your kick misses the centaur. You peck the centaur.
The centaur hits you.
* * * LOW HITPOINT WARNING * * *
You barely miss the centaur. The centaur completely misses you.
Warning x2: The centaur is fast and can hit for moderate damage at range!
The orc priest can smite you!
You feel much better. The centaur closely misses you. The centaur hits you.
Warning x2: The centaur is fast and can hit for moderate damage at range!
The orc priest can smite you!
You slash the centaur!
The centaur hits you but does no damage.
The orc priest calls down the wrath of Beogh upon you.
Pain shoots through your body!
Warning x2: The centaur is fast and can hit for moderate damage at range!
The orc priest can smite you!
You slash the centaur!
You kill the centaur!
Trog accepts your kill.
The orc priest mumbles some strange prayers to Beogh against you.
Beogh smites you!
* * * LOW HITPOINT WARNING * * *
Your Armour skill increases to level 3!
Your Dodging skill increases to level 3!
Spoiler Alert: The orc priest can smite you!
You see here an arrow.
You hit the orc priest. You claw the orc priest.
A hound comes into view.
The orc priest invokes the aid of Beogh against you.
Beogh smites you!
You die...

##.........## #..
##
.#...........##...
........o........
.......>.......# #
#.............# ≈
##...........## ≈≈
##......)..## ≈.
###....h#########..
.≈.
###).(.o@.)......
..≈.
#..###########.
...≈≈ #.## #§ ##.#
## #..# #.## ##.#
#.## #.#


You could see a hound (wandering) and an orc priest.

Vanquished Creatures
  A warg (D:8)
  2 ice beasts
  3 black bears
  An orc warrior (D:8)
  2 phantoms (D:9)
  3 ogres
  2 centaurs (D:9)
  A big kobold (D:7)
  An elf zombie (Ossuary)
  Blork the orc (D:4)
  3 bullfrogs
  4 scorpions
  4 wights (D:8)
  A howler monkey (D:5)
  A jelly (D:7)
  2 centaur zombies
  A bullfrog zombie (D:6)
  11 orc wizards
  4 orc priests
  A hound (D:7)
  A bullfrog skeleton (D:7)
  A centaur skeleton (D:9)
  An iguana (D:8)
  7 worker ants
  6 big kobold zombies (Ossuary)
  2 mummies (Ossuary)
  An adder (D:8)
  7 gnolls
  A shadow imp (D:8)
  A white imp (D:7)
  An ufetubus (D:6)
  An ooze (D:1)
  A worm (D:4)
  A dart slug (D:5)
  2 leopard geckos
  30 orcs
  2 ball pythons
  3 giant cockroaches
  2 gnoll zombies (Ossuary)
  A hobgoblin (D:1)
  7 jackals
  2 quokkas
  4 bats
  2 frilled lizards
  2 goblin zombies (Ossuary)
  2 hobgoblin zombies (Ossuary)
  7 kobolds (D:7)
  2 quokka skeletons
  4 rats
153 creatures vanquished.

Vanquished Creatures (others)
  A two-headed ogre (D:9)
  An ogre (D:9)
  A bullfrog (D:9)
  2 orc wizards (D:9)
  2 orcs
7 creatures vanquished.

Grand Total: 160 creatures vanquished

Notes
Turn   | Place    | Note
-------+----------+-------------------------------------------
     0 | D:1      | jackrogers the Tengu Berserker began the quest for the Orb.
     0 | D:1      | Reached XP level 1. HP: 14/14 MP: 2/2
   295 | D:1      | Reached skill level 4 in Axes
   295 | D:1      | Reached XP level 2. HP: 16/19 MP: 3/3
   991 | D:2      | You fall into a shaft and drop 2 floors!
  1242 | D:4      | Reached XP level 3. HP: 23/23 MP: 4/4
  1355 | D:4      | Reached skill level 5 in Axes
  1355 | D:4      | Reached XP level 4. HP: 26/28 MP: 5/5
  1356 | D:4      | Reached ** piety under Trog
  1540 | D:4      | Reached skill level 6 in Axes
  1540 | D:4      | Gained mutation: You can fly continuously. [Tengu growth]
  1540 | D:4      | Reached XP level 5. HP: 14/32 MP: 6/6
  1543 | D:4      | HP: 8/32 [orc (1)]
  1549 | D:4      | HP: 7/32 [poisoned by a scorpion]
  1555 | D:4      | HP: 6/32 [poisoned by a scorpion]
  1561 | D:4      | HP: 5/32 [poisoned by a scorpion]
  2136 | D:4      | Reached skill level 7 in Axes
  2136 | D:4      | Reached XP level 6. HP: 34/37 MP: 7/7
  2430 | D:4      | Noticed Blork the orc
  2442 | D:4      | Killed Blork the orc
  2682 | D:5      | Entered Level 5 of the Dungeon
  2718 | D:5      | Reached skill level 8 in Axes
  2722 | D:5      | Reached XP level 7. HP: 39/41 MP: 8/8
  2913 | D:5      | Reached skill level 9 in Axes
  3051 | D:5      | Found an ancient bone altar of Kikubaaqudgha.
  3271 | D:6      | Reached skill level 10 in Axes
  3271 | D:6      | Reached XP level 8. HP: 37/46 MP: 9/9
  3333 | D:6      | Found a staircase to the Ecumenical Temple.
  3351 | D:6      | Reached *** piety under Trog
  3355 | Temple   | Entered the Ecumenical Temple
  4080 | D:6      | Reached skill level 11 in Axes
  4414 | D:6      | Found a sparkling altar of Nemelex Xobeh.
  4574 | D:7      | Found a stormy altar of Qazlal.
  4574 | D:7      | Found a sand-covered staircase.
  4584 | Ossuary  | Entered an ossuary
  4614 | Ossuary  | HP: 10/46 [elf zombie (3)]
  5001 | D:7      | Reached skill level 12 in Axes
  5279 | D:7      | Reached **** piety under Trog
  5280 | D:7      | Reached XP level 9. HP: 41/50 MP: 10/10
  6176 | D:8      | Reached skill level 13 in Axes
  6733 | D:8      | Found a snail-covered altar of Cheibriados.
  6777 | D:8      | HP: 6/50 [orc warrior/+0 dire flail (19)]
  7490 | D:9      | Found a shimmering altar of Xom.
  7614 | D:9      | Found Nealar's Weapon Boutique.
  7626 | D:9      | Found a staircase to the Lair.
  7627 | D:9      | Noticed a two-headed ogre
  7668 | D:8      | HP: 11/50 [warg (5)]
  7674 | D:8      | Reached skill level 14 in Axes
  8484 | D:9      | Found Zattoub's Armour Shop.
  8484 | D:9      | Killed a two-headed ogre
  8686 | Lair:1   | Entered Level 1 of the Lair of Beasts
  8713 | Lair:1   | HP: 7/51 [yak (11)]
  8761 | D:9      | HP: 12/51 [centaur/arrow (2)]
  8765 | D:9      | HP: 4/51 [centaur (6)]
  8770 | D:9      | Reached skill level 3 in Armour
  8770 | D:9      | Reached skill level 3 in Dodging
  8771 | D:9      | Killed from afar by an orc priest

Illustrated notes

Levels and vault maps discovered:
D:1:      dpeg_arrival_central, layout_basic, dk_noncrumbling_4
D:2:      layout_basic, lemuel_doored_altar, kennysheep_nondescript
D:4:      layout_basic, grunt_ministairs_13, uniq_blork_the_orc
D:5:      layout_rooms, kiku_gazebo_pond_becter
D:6:      layout_basic, minmay_temple_entry_large_hall,
          nemelex_spade_bored_becter
D:7:      layout_gridville, grunt_qazlal_clouds, nicolae_ossuary_entry_ruins
D:8:      layout_loops_corners, kennysheep_mini
D:9:      layout_cave_pods, xom_confusion_cloud, erik_lair_orcish_takeover,
          serial_shops, shop, shop, shop, nicolae_shop_waterfront, shop
Temple:   eino_temple_scatter_basement
Lair:1:   dpeg_oklob_gauntlet, layout_hall_layers

Skill      XL: |  1  2  3  4  5  6  7  8  9 |
---------------+----------------------------+-----
Axes           | 4 5 6 7 8 10 12 14 | 14.1
Armour         | 3 |  3.0
Dodging        | 3 |  3.0
Fighting       | |  3.5

Action                   |  1- 3 |  4- 6 |  7- 9 || total
-------------------------+-------+-------+-------++-------
Melee: Hand axe          |    55 |    75 |   380 ||   510
       Kick              |    13 |    26 |   131 ||   170
       Peck              |    14 |    17 |    93 ||   124
       War axe           |       |       |    33 ||    33
  Use: Scroll            |     1 |     2 |    12 ||    15
       Potion            |       |     1 |     2 ||     3
 Stab: Sleeping          |     2 |       |       ||     2
Armor: Animal skin       |     1 |       |       ||     1
       Fire dragon scale |    15 |    27 |   159 ||   201
Dodge: Dodged            |    26 |    22 |   174 ||   222

Table legend: (Time is in decaauts)
 A = Elapsed time spent in this place.
 B = Non-inter-level travel time spent in this place.
 C = Inter-level travel time spent in this place.
 D = Time resting spent in this place.
 E = Time spent auto-exploring this place.
 F = Levels seen in this place.
 G = Mean time per level.
                   A        B        C        D        E       F      G
               +--------+--------+--------+--------+--------+-----+--------+
         Total |   8642 |   8092 |    550 |   2323 |   4814 |  11 |  785.6 |
       Dungeon |   8018 |   7468 |    550 |   1895 |   4719 |   8 | 1002.2 |
        Temple |    175 |    175 |      0 |    174 |      0 |   1 |  175.0 |
          Lair |     55 |     55 |      0 |      8 |     18 |   1 |   55.0 |
       Ossuary |    392 |    392 |      0 |    246 |     77 |   1 |  392.0 |
               +--------+--------+--------+--------+--------+-----+--------+

Top non-repeatable levels by time:
     D:4: 1946 daAuts
     D:8: 1826 daAuts
     D:6: 1172 daAuts
     D:7: 928 daAuts
     D:1: 891 daAuts
     D:5: 588 daAuts
     D:9: 562 daAuts
 Ossuary: 392 daAuts
  Temple: 175 daAuts
     D:2: 102 daAuts
  Lair:1: 55 daAuts

Table legend:
 A = Kills in this place as a percentage of kills in entire the game.
 B = Kills by you in this place as a percentage of kills by you in the entire game.
 C = Kills by friends in this place as a percentage of kills by friends in the entire game.
 D = Other kills in this place as a percentage of other kills in the entire game.
 E = Experience gained in this place as a percentage of experience gained in the entire game.
 F = Experience gained in this place divided by the number of levels of this place that you have seen.
                   A       B       C       D       E      F
               +-------+-------+-------+-------+-------+----------------------
         Total | 100.0 | 100.0 |   N/A |   N/A | 100.0 | 417.5
       Dungeon |  89.5 |  89.5 |   N/A |   N/A |  92.6 | 531.5
       Ossuary |  10.5 |  10.5 |   N/A |   N/A |   7.4 | 340.0
               +-------+-------+-------+-------+-------+----------------------
